[Event "Titled Tuesday Blitz June 21 Late 2022"]
[White "Aksu, Vedat Ali"]
[Black "Capp, Stephen"]
[WhiteFideId "6304320"]
[BlackFideId "2027089"]
[WhiteElo "2292"]
[BlackElo "2119"]
[Result "1-0"]
[Round "09"]
[TimeControl "180+1"]
[Date "2022.06.22"]
[WhiteClock "0:00:34"]
[BlackClock "0:00:08"]

1. Nf3 Nc6 2. c4 e5 3. Nc3 f5 4. e3 Nf6 5. a3 d6 6. Qc2 Be7 7. b4 O-O 8. Bb2 e4 9. Ng1 Ne5 10. h4 c6 11. Nh3 Be6 12. Nf4 Bf7 13. d4 Nxc4 14. Bxc4 Bxc4 15. Nxe4 Nxe4 16. Qxc4+ d5 17. Qe2 Qd6 18. Rc1 a5 19. b5 a4 20. h5 Bg5 21. g3 Bxf4 22. gxf4 Rac8 23. h6 g6 24. O-O Qe7 25. Kg2 Nf6 26. bxc6 Rxc6 27. Rxc6 bxc6 28. Rc1 Ng4 29. Rh1 Qe4+ 30. f3 Qxe3 31. Qxe3 Nxe3+ 32. Kf2 Nc2 33. Rc1 Nxa3 34. Bxa3 Rb8 35. Rxc6 Rb3 36. Bc5 a3 37. Ra6 Rb2+ 38. Kg3 a2 39. Bd6 Kf7 40. Be5 1-0


[Site "https://www.chess.com"]

[Event "Titled Tuesday Blitz June 21 Late 2022"]
[White "Al-Tarboush, Ward"]
[Black "Martinez Alcantara, Jose Eduardo"]
[WhiteFideId "7601450"]
[BlackFideId "3805662"]
[WhiteElo "2249"]
[BlackElo "2703"]
[Result "0-1"]
[Round "09"]
[TimeControl "180+1"]
[Date "2022.06.21"]
[WhiteClock "0:00:01"]
[BlackClock "0:01:13"]

1. e4 c5 2. Nf3 d6 3. d4 cxd4 4. Nxd4 Nf6 5. Nc3 a6 6. h3 h5 7. Bg5 Nbd7 8. Bd3 e6 9. Qe2 Be7 10. O-O-O Qc7 11. f4 b5 12. Rhe1 Bb7 13. e5 dxe5 14. fxe5 Nd5 15. Bxe7 Nxe7 16. Ndxb5 axb5 17. Nxb5 Qb6 18. Nd6+ Kf8 19. Nxb7 Rxa2 20. Nd6 Qxb2+ 21. Kd2 Qb4+ 22. Ke3 Nxe5 23. Nc4 Qc5+ 24. Kf4 Nd5+ 25. Kg3 Nxd3 26. Qxd3 Ra4 27. Ne5 Qc7 28. Kf2 Qa7+ 29. Kf1 Rf4+ 30. Nf3 Qc5 31. Ra1 g6 32. Rxe6 fxe6 33. Qxg6 Rxf3+ 34. gxf3 Qc4+ 35. Kg2 Nf4+ 0-1


[Site "https://www.chess.com"]

[Event "Titled Tuesday Blitz June 21 Late 2022"]
[White "Ambartsumova, Karina"]
[Black "Indjic, Aleksandar"]
[WhiteFideId "4166299"]
[BlackFideId "911925"]
[WhiteElo "2262"]
[BlackElo "2616"]
[Result "0-1"]
[Round "09"]
[TimeControl "180+1"]
[Date "2022.06.21"]
[WhiteClock "0:00:02"]
[BlackClock "0:00:28"]

1. Nf3 d5 2. d4 Bf5 3. c4 e6 4. e3 Nf6 5. Be2 c6 6. O-O Nbd7 7. b3 Bd6 8. Bb2 Ne4 9. Nbd2 O-O 10. Rc1 a5 11. Nxe4 dxe4 12. Nd2 Qh4 13. g3 Qg5 14. Re1 Nf6 15. f4 exf3 16. Bxf3 Bh3 17. Ne4 Nxe4 18. Bxe4 Rad8 19. Bg2 Bxg2 20. Kxg2 e5 21. Qc2 h5 22. Qe4 Rde8 23. Qh4 Qg6 24. d5 Be7 25. Qh3 cxd5 26. Kg1 Bb4 27. Red1 Bc5 28. Re1 d4 29. Kh1 dxe3 30. Qg2 Bd4 31. Ba3 b6 32. Bxf8 Rxf8 33. Re2 f5 34. Rf1 Kh7 35. Qd5 Qg5 36. Qf3 Rf6 37. Rg2 Qg4 38. Re2 Qxf3+ 39. Rxf3 e4 40. Rf1 g5 41. Rd1 Bc5 42. Rd5 f4 43. gxf4 gxf4 44. Rxh5+ Kg6 45. Re5 f3 46. Re1 f2 47. Rf1 e2 48. Kg2 e1=Q 0-1


[Site "https://www.chess.com"]

[Event "Titled Tuesday Blitz June 21 Late 2022"]
[White "Araujo Filho, Luiz Antonio Coel"]
[Black "Kanyamarala, Trisha"]
[WhiteFideId "2130661"]
[BlackFideId "45004722"]
[WhiteElo "2177"]
[BlackElo "2134"]
[Result "0-1"]
[Round "09"]
[TimeControl "180+1"]
[Date "2022.06.22"]
[WhiteClock "0:00:30"]
[BlackClock "0:00:32"]

1. d4 Nf6 2. Nf3 e6 3. e3 d5 4. Bd3 c5 5. c3 Nc6 6. Nbd2 Bd6 7. Qe2 O-O 8. dxc5 Bxc5 9. e4 e5 10. h3 d4 11. O-O Re8 12. Nb3 Bb6 13. Bg5 h6 14. Bh4 Be6 15. Rfd1 a5 16. Bb5 a4 17. Nbd2 Bd7 18. g4 Ra5 19. Bc4 Ba7 20. Kg2 Qe7 21. Nf1 Be6 22. Bxe6 Qxe6 23. Ng3 Ne7 24. g5 Ng6 25. Qd2 Nf4+ 26. Kf1 Qxh3+ 27. Ke1 Nxe4 28. Nxe4 Qh1+ 0-1


[Site "https://www.chess.com"]

[Event "Titled Tuesday Blitz June 21 Late 2022"]
[White "Arnold, Ken"]
[Black "Ricaurte Lopez, Juan Carlos"]
[WhiteFideId "2056836"]
[BlackFideId "3600327"]
[WhiteElo "2322"]
[BlackElo "2209"]
[Result "1/2-1/2"]
[Round "09"]
[TimeControl "180+1"]
[Date "2022.06.22"]
[WhiteClock "0:00:48"]
[BlackClock "0:00:11"]

1. d4 d5 2. c4 e6 3. Nf3 c5 4. cxd5 exd5 5. Nc3 Nc6 6. Bf4 Nf6 7. e3 Bd6 8. Bxd6 Qxd6 9. dxc5 Qxc5 10. Rc1 Be6 11. a3 O-O 12. Be2 Rad8 13. O-O a6 14. Nb5 Qb6 15. Nbd4 Qxb2 16. Nxc6 bxc6 17. Rxc6 Ne4 18. Qc2 Qxa3 19. Rxa6 Qc3 20. Qxc3 Nxc3 21. Bd3 Ne4 22. Bxe4 dxe4 23. Nd4 Bc4 24. Ra7 Bxf1 25. Kxf1 g6 26. g4 Rfe8 27. Kg2 Rd5 28. Kg3 h5 29. h3 hxg4 30. hxg4 Kg7 31. Ra4 Rc8 32. Ne2 Rc2 33. Nf4 Rdd2 34. Nh3 f5 35. g5 Rd6 36. Ra7+ Kf8 37. Nf4 Rc1 38. Kg2 Rcd1 39. Rb7 Kg8 40. Ra7 Kf8 41. Rb7 Kg8 42. Ra7 Kf8 1/2-1/2


[Site "https://www.chess.com"]

[Event "Titled Tuesday Blitz June 21 Late 2022"]
[White "Artemenko, Oleg"]
[Black "Novikova, Galina"]
[WhiteFideId "14201798"]
[BlackFideId "4157095"]
[WhiteElo "2287"]
[BlackElo "1863"]
[Result "1-0"]
[Round "09"]
[TimeControl "180+1"]
[Date "2022.06.21"]
[WhiteClock "0:01:12"]
[BlackClock "0:00:10"]

1. e4 e6 2. d4 d5 3. e5 c5 4. c3 Nc6 5. Nf3 Bd7 6. Be2 f6 7. O-O fxe5 8. dxe5 g6 9. Bg5 Qc7 10. c4 d4 11. Nbd2 Nxe5 12. Nxe5 Qxe5 13. Nf3 Qd6 14. b4 b6 15. bxc5 bxc5 16. Bd3 Bg7 17. Nh4 Ne7 18. Qf3 Bc6 19. Be4 Bxe4 20. Qxe4 O-O 21. Rfe1 e5 22. Nf3 Nc6 23. Rab1 Rab8 24. Bd2 Rxb1 25. Rxb1 Ne7 26. Rb7 Nf5 27. h4 a5 28. Bxa5 Qf6 29. Qd5+ Kh8 30. Ng5 Ne7 31. Qf3 Qxf3 32. gxf3 Nf5 33. Bb6 Nxh4 34. Bxc5 Nxf3+ 35. Nxf3 Rxf3 36. Rb8+ Bf8 37. Rxf8+ Rxf8 38. Bxf8 Kg8 39. Bd6 Kf7 40. Bxe5 d3 41. Kf1 Ke6 42. Bc3 Kd6 43. a4 Kc5 44. a5 Kxc4 45. Bd2 Kb5 46. Kg2 Ka6 47. Kg3 Kb5 48. Kf4 Kc4 49. a6 Kb3 50. a7 Kc2 51. Ke3 h5 52. a8=Q h4 53. Qa2+ 1-0


[Site "https://www.chess.com"]

[Event "Titled Tuesday Blitz June 21 Late 2022"]
[White "Avazkhonov, Alikhon"]
[Black "Goltseva, Ekaterina"]
[WhiteFideId "14208504"]
[BlackFideId "24173770"]
[WhiteElo "1739"]
[BlackElo "2086"]
[Result "0-1"]
[Round "09"]
[TimeControl "180+1"]
[Date "2022.06.22"]
[WhiteClock "0:00:18"]
[BlackClock "0:00:46"]

1. d4 Nf6 2. c4 e6 3. Nc3 Bb4 4. e3 c5 5. Nf3 Bxc3+ 6. bxc3 d6 7. Bd3 Nc6 8. O-O e5 9. dxc5 e4 10. cxd6 exf3 11. c5 fxg2 12. Kxg2 O-O 13. f4 Bg4 14. Qc2 Qd7 15. e4 Bh3+ 16. Kh1 Bxf1 17. Bxf1 Qg4 18. e5 Nd5 19. c4 Nxf4 20. Qe4 g5 21. Bb2 Nh3 22. Qg2 Qxg2+ 23. Bxg2 Nf4 24. Bd5 Nd3 25. Bxc6 bxc6 26. Bd4 Rfe8 0-1


[Site "https://www.chess.com"]

[Event "Titled Tuesday Blitz June 21 Late 2022"]
[White "Barp, Alberto"]
[Black "Gubajdullin, Alexei"]
[WhiteFideId "872555"]
[BlackFideId "4141202"]
[WhiteElo "2229"]
[BlackElo "2280"]
[Result "0-1"]
[Round "09"]
[TimeControl "180+1"]
[Date "2022.06.21"]
[WhiteClock "0:00:14"]
[BlackClock "0:00:10"]

1. d4 g6 2. Nf3 Bg7 3. e4 d6 4. Nbd2 Nf6 5. Bb5+ c6 6. Bd3 O-O 7. O-O Qc7 8. e5 dxe5 9. Nxe5 Rd8 10. Ndf3 c5 11. Ng5 Rf8 12. Bc4 e6 13. Be3 h6 14. Ngxf7 Rxf7 15. Nxf7 Kxf7 16. dxc5 Na6 17. Qf3 Nxc5 18. Rad1 Ne4 19. Bd3 Qc6 20. Rfe1 e5 21. Bxh6 Bg4 22. Bxe4 Bxf3 23. Bxc6 Bxd1 24. Bxg7 Kxg7 25. Bxb7 Rd8 26. c3 Rd2 27. Rxe5 Rxb2 28. Re7+ Kf8 29. Re6 Kf7 30. Re1 Rxb7 31. Rxd1 Rb2 32. Ra1 Rc2 33. h3 Rxc3 34. Rb1 Ra3 35. Rb2 Nd5 36. h4 Nc3 37. Rc2 Nxa2 38. g4 Nb4 39. Rc4 a5 40. Kg2 Rb3 41. Rc7+ Ke6 42. Ra7 Nc6 43. Ra6 Kd5 44. h5 gxh5 45. gxh5 Rb7 46. Kg3 Rb8 47. f4 Kc5 48. h6 Kb5 49. Rxc6 Kxc6 50. f5 a4 51. Kg4 a3 52. f6 a2 53. Kg5 a1=Q 54. Kg6 Qg1+ 0-1


[Site "https://www.chess.com"]

[Event "Titled Tuesday Blitz June 21 Late 2022"]
[White "Bayo Milagro, Alvaro"]
[Black "Cappelletto, Joshuaede"]
[WhiteFideId "22275240"]
[BlackFideId "2824383"]
[WhiteElo "2270"]
[BlackElo "1761"]
[Result "1-0"]
[Round "09"]
[TimeControl "180+1"]
[Date "2022.06.21"]
[WhiteClock "0:00:50"]
[BlackClock "0:00:03"]

1. d4 g6 2. c4 Nf6 3. g3 c5 4. Nf3 cxd4 5. Nxd4 Bg7 6. Bg2 O-O 7. O-O Nc6 8. Nc3 d6 9. b3 Nxd4 10. Qxd4 Be6 11. Bb2 Nd5 12. Qd2 Nxc3 13. Bxc3 Rb8 14. Bxg7 Kxg7 15. Qd4+ Kg8 16. Qxa7 b5 17. c5 d5 18. c6 Qd6 19. Rfc1 Rfc8 20. Qc5 Rc7 21. Rc2 Qe5 22. Rd1 b4 23. Bxd5 Bxd5 24. Qxd5 Qf6 25. Kg2 h5 26. h4 Kh7 27. Qf3 Qe6 28. Rd7 Rxd7 29. cxd7 Rd8 30. Rd2 Rxd7 31. Rxd7 Qxd7 32. Qxf7+ Kh6 33. Qf4+ Kg7 34. Qxb4 1-0


[Site "https://www.chess.com"]

[Event "Titled Tuesday Blitz June 21 Late 2022"]
[White "Bjelobrk, Igor"]
[Black "Vujic, Mihailo"]
[WhiteFideId "4300726"]
[BlackFideId "918873"]
[WhiteElo "2335"]
[BlackElo "2256"]
[Result "1-0"]
[Round "09"]
[TimeControl "180+1"]
[Date "2022.06.21"]
[WhiteClock "0:00:56"]
[BlackClock "0:00:10"]

1. Nf3 Nc6 2. e3 d5 3. Bb5 Bg4 4. c4 dxc4 5. Qa4 Bxf3 6. gxf3 Qd5 7. e4 Qd6 8. Na3 e6 9. Nxc4 Qc5 10. d4 Qb4+ 11. Bd2 Qxa4 12. Bxa4 O-O-O 13. Bxc6 bxc6 14. Bc3 Nf6 15. Ne5 c5 16. dxc5 Bxc5 17. Nxf7 Nh5 18. Nxh8 Rxh8 19. Be5 Rf8 20. Ke2 Bd6 21. Bxd6 cxd6 22. Rhg1 Kd7 23. Rac1 e5 24. Rc3 Ke6 25. Ra3 Rc8 26. Rd1 Nf4+ 27. Kd2 Rc4 28. b3 Rd4+ 29. Kc2 Rxd1 30. Kxd1 g5 31. Rxa7 h5 32. a4 g4 33. fxg4 hxg4 34. Rg7 Nd3 35. Ke2 Nc5 36. Ke3 Nxb3 37. Rxg4 Nd4 38. h4 Nc2+ 39. Kd2 Nb4 40. h5 Nc6 41. h6 Nd4 42. h7 Nf3+ 43. Ke3 Ng5 44. Rxg5 d5 45. exd5+ Kxd5 46. h8=Q Kc4 47. Qc8+ Kb3 48. Rxe5 Ka2 49. a5 Ka3 50. a6 Ka4 51. a7 Kb4 52. Re7 Kb3 53. Rb7+ Ka4 54. a8=Q# 1-0


[Site "https://www.chess.com"]

[Event "Titled Tuesday Blitz June 21 Late 2022"]
[White "Burke, Paul"]
[Black "Howell, David W L"]
[WhiteFideId "2605767"]
[BlackFideId "410608"]
[WhiteElo "2007"]
[BlackElo "2559"]
[Result "0-1"]
[Round "09"]
[TimeControl "180+1"]
[Date "2022.06.22"]
[WhiteClock "0:00:52"]
[BlackClock "0:00:55"]

1. e4 c5 2. d4 cxd4 3. c3 Nf6 4. Bd3 dxc3 5. Nxc3 d6 6. Bc4 Nc6 7. h3 g6 8. Nf3 Bg7 9. Qe2 O-O 10. O-O a6 11. a3 b5 12. Ba2 Bb7 13. Rd1 Nd7 14. Be3 Rc8 15. Rac1 Nde5 16. Ng5 h6 17. f4 hxg5 18. fxe5 Nxe5 19. Bxg5 Qd7 20. Nd5 Bxd5 21. Bxd5 Rxc1 22. Rxc1 e6 23. Ba2 Rc8 24. Rd1 Nc4 25. Bb1 Nxb2 26. Rf1 Na4 27. Bf6 Nc3 28. Qe1 Nxb1 29. Qxb1 Bxf6 30. Rxf6 Qc6 31. Qf1 Rc7 32. Qd3 Qc5+ 33. Kh2 Qe5+ 0-1


[Site "https://www.chess.com"]

[Event "Titled Tuesday Blitz June 21 Late 2022"]
[White "Carbone, Diego"]
[Black "Mikhailov, Viacheslav"]
[WhiteFideId "3002179"]
[BlackFideId "4187369"]
[WhiteElo "2199"]
[BlackElo "2381"]
[Result "0-1"]
[Round "09"]
[TimeControl "180+1"]
[Date "2022.06.21"]
[WhiteClock "0:00:04"]
[BlackClock "0:00:07"]

1. d4 c5 2. d5 e5 3. e4 d6 4. Bb5+ Nd7 5. a4 a6 6. Bd3 Be7 7. Nf3 Nf8 8. h3 Ng6 9. Nbd2 Nf4 10. Bf1 Nf6 11. a5 O-O 12. g3 Ng6 13. Bg2 Bd7 14. Qe2 b5 15. axb6 Qxb6 16. Nc4 Qc7 17. Bd2 Bb5 18. h4 Rfb8 19. b3 a5 20. h5 Nf8 21. h6 g6 22. Qd3 a4 23. bxa4 Rxa4 24. Rxa4 Bxa4 25. O-O Bb5 26. Nh2 Qa7 27. Re1 N8d7 28. Bf1 Nb6 29. Qc3 Nxc4 30. Bxc4 Bxc4 31. Qxc4 Qd7 32. Ra1 Qh3 33. Qe2 Bf8 34. Qf3 Nd7 35. Ng4 Be7 36. Be3 Qh5 37. Kg2 f5 38. exf5 Qxf5 39. Ra7 Rd8 40. Qe2 Qe4+ 41. f3 Qxd5 42. Qb5 Qe6 43. Nf2 Nf6 44. Bg5 Rf8 45. Ne4 Nxe4 46. Rxe7 Qf5 47. Qc4+ Kh8 48. Qxe4 Qxg5 49. Qb7 Qxh6 50. Kf2 Qd2+ 51. Kg1 Qc1+ 52. Kh2 Qxc2+ 53. Kh3 Qf5+ 54. Kh2 g5 55. f4 gxf4 56. gxf4 Qxf4+ 57. Kh1 Qf1+ 58. Kh2 Rf2+ 59. Kg3 Qg1+ 60. Kh4 Rh2# 0-1


[Site "https://www.chess.com"]

[Event "Titled Tuesday Blitz June 21 Late 2022"]
[White "Christiansen, Johan-Sebastian"]
[Black "Yoo, Christopher Woojin"]
[WhiteFideId "1512668"]
[BlackFideId "30909694"]
[WhiteElo "2513"]
[BlackElo "2105"]
[Result "0-1"]
[Round "09"]
[TimeControl "180+1"]
[Date "2022.06.21"]
[WhiteClock "0:00:03"]
[BlackClock "0:00:03"]

1. e4 c5 2. Nf3 e6 3. b4 d5 4. exd5 exd5 5. bxc5 Bxc5 6. d4 Bd6 7. Bd3 Ne7 8. O-O O-O 9. h3 Nbc6 10. c3 Bf5 11. Re1 Re8 12. Na3 a6 13. Nc2 Qd7 14. Ne3 Bxd3 15. Qxd3 Na5 16. Bd2 h6 17. Rad1 Rac8 18. Bc1 Nc4 19. Ng4 Nf5 20. Nge5 Bxe5 21. dxe5 Rcd8 22. g4 Ne7 23. Nd4 Nc6 24. Nf5 N4xe5 25. Qg3 Re6 26. Bf4 Rde8 27. Re3 Nc4 28. Red3 Re1+ 29. Rxe1 Rxe1+ 30. Kh2 Qe6 31. Qg2 Re4 32. Bg3 N6e5 33. Rxd5 Nc6 34. Rd1 Re2 35. Qf3 Nd2 36. Qd3 Ne5 37. Qxe2 Nef3+ 38. Qxf3 Nxf3+ 39. Kg2 Qe4 40. Rd8+ Kh7 41. Kf1 Ng5 0-1


[Site "https://www.chess.com"]

[Event "Titled Tuesday Blitz June 21 Late 2022"]
[White "Dardha, Daniel"]
[Black "Swiercz, Dariusz"]
[WhiteFideId "240990"]
[BlackFideId "1126881"]
[WhiteElo "2482"]
[BlackElo "2627"]
[Result "1-0"]
[Round "09"]
[TimeControl "180+1"]
[Date "2022.06.21"]
[WhiteClock "0:01:45"]
[BlackClock "0:00:04"]

1. d4 Nf6 2. c4 e6 3. Nf3 Bb4+ 4. Bd2 a5 5. a3 Be7 6. Nc3 d5 7. cxd5 exd5 8. Bg5 c6 9. e3 Nbd7 10. Bd3 O-O 11. O-O h6 12. Bh4 Re8 13. Qc2 Ne4 14. Bxe4 Bxh4 15. Bh7+ Kh8 16. Nxh4 Qxh4 17. Bd3 Qe7 18. Rae1 Nf6 19. f3 c5 20. e4 cxd4 21. Nxd5 Nxd5 22. exd5 Qd8 23. Qc7 Bd7 24. Qf4 Qf6 25. Qxf6 gxf6 26. Re4 Rxe4 27. fxe4 Kg7 28. Rc1 Rc8 29. Rxc8 Bxc8 30. Bb5 Kf8 31. d6 Bg4 32. Kf2 Bd1 33. Kg3 Bc2 34. Kf4 b6 35. g4 Bd1 36. Kf5 Bc2 37. Kxf6 1-0


[Site "https://www.chess.com"]

[Event "Titled Tuesday Blitz June 21 Late 2022"]
[White "Desideri, Ricardo Maruchi"]
[Black "Zhang, Alan"]
[WhiteFideId "2110440"]
[BlackFideId "30936870"]
[WhiteElo "1945"]
[BlackElo "2067"]
[Result "0-1"]
[Round "09"]
[TimeControl "180+1"]
[Date "2022.06.22"]
[WhiteClock "0:01:49"]
[BlackClock "0:00:27"]

1. e4 e5 2. Nf3 Nc6 3. Bc4 Bc5 4. b4 Bxb4 5. c3 Ba5 6. d4 exd4 7. Qb3 Qe7 8. O-O d6 9. Nxd4 Nxd4 10. cxd4 Bb6 11. Bb2 Nf6 12. e5 dxe5 13. dxe5 Ne4 14. Bxf7+ Qxf7 15. Qa4+ Bd7 16. Qxe4 O-O 17. Bd4 Bc6 18. Qe3 Qd5 0-1


[Site "https://www.chess.com"]

[Event "Titled Tuesday Blitz June 21 Late 2022"]
[White "Diaz Rosas, Julio Cesar"]
[Black "Wagner, Dinara"]
[WhiteFideId "5105099"]
[BlackFideId "24157570"]
[WhiteElo "2278"]
[BlackElo "2216"]
[Result "1-0"]
[Round "09"]
[TimeControl "180+1"]
[Date "2022.06.21"]
[WhiteClock "0:00:14"]
[BlackClock "0:00:06"]

1. d4 Nf6 2. c4 e6 3. Nc3 Bb4 4. a3 Bxc3+ 5. bxc3 c5 6. e3 b6 7. Bd3 Nc6 8. Ne2 Ba6 9. e4 O-O 10. O-O d6 11. Bg5 Rc8 12. Bh4 e5 13. Ng3 cxd4 14. Nh5 Kh8 15. f4 exf4 16. Nxf6 Ne5 17. Rxf4 Qc7 18. cxd4 Ng6 19. Qh5 h6 20. Rg4 Nxh4 21. Qxh4 Bxc4 22. Rxg7 Kxg7 23. Nh5+ Kh7 24. Rc1 Bxd3 25. Rxc7 Rxc7 26. h3 Rc2 27. Qf6 Rg8 28. g4 Bc4 29. d5 Rc1+ 30. Kg2 Bd3 31. Qxf7+ Kh8 32. Nf6 Bxe4+ 33. Nxe4 Rc2+ 34. Kg3 Rgc8 35. Nf6 R2c3+ 36. Kh4 R8c7 37. Qf8# 1-0


[Site "https://www.chess.com"]

[Event "Titled Tuesday Blitz June 21 Late 2022"]
[White "Dobre, Claudiu-Cristian"]
[Black "Alexiadis, Hristos"]
[WhiteFideId "1211854"]
[BlackFideId "4249623"]
[WhiteElo "2207"]
[BlackElo "2416"]
[Result "1/2-1/2"]
[Round "09"]
[TimeControl "180+1"]
[Date "2022.06.21"]
[WhiteClock "0:00:05"]
[BlackClock "0:01:08"]

1. c4 e5 2. Nc3 Bb4 3. Qc2 Nc6 4. e3 d6 5. Nf3 f5 6. a3 Bxc3 7. Qxc3 Nf6 8. b4 O-O 9. Bb2 Qe7 10. b5 Nd8 11. d4 e4 12. Ng5 h6 13. Nh3 Ne6 14. d5 Nc5 15. a4 a6 16. Nf4 Qf7 17. Be2 Bd7 18. Bd1 g5 19. Nh5 Nd3+ 20. Qxd3 exd3 21. Nxf6+ Qxf6 22. Bxf6 Rxf6 23. bxa6 Rxa6 24. Kd2 f4 25. e4 Rf8 26. Kxd3 Rfa8 27. h4 Kg7 28. hxg5 hxg5 29. g3 fxg3 30. fxg3 Bxa4 31. Bxa4 Rxa4 32. Rxa4 Rxa4 33. Rf1 Ra3+ 34. Kd4 Rxg3 35. Rf5 b6 36. e5 Rg4+ 37. Kc3 dxe5 38. Rxe5 Kf7 39. Re6 Rf4 40. Rc6 g4 41. Rxc7+ Kg6 42. Rc8 Rf7 43. d6 Kf5 44. Rc7 Ke6 45. Rc6 g3 46. Rxb6 Rg7 47. Rb1 Kxd6 48. Rg1 Ke5 49. Kb4 Kf4 50. c5 Rb7+ 51. Ka5 Rb2 52. c6 Kf3 53. c7 Rc2 54. Kb6 Kf2 55. Rxg3 Kxg3 56. Kb7 Rxc7+ 57. Kxc7 1/2-1/2


[Site "https://www.chess.com"]

[Event "Titled Tuesday Blitz June 21 Late 2022"]
[White "Domingo Nunez, Alejandro"]
[Black "Kanyamarala, Tarun"]
[WhiteFideId "22245561"]
[BlackFideId "45004714"]
[WhiteElo "2215"]
[BlackElo "2219"]
[Result "1-0"]
[Round "09"]
[TimeControl "180+1"]
[Date "2022.06.21"]
[WhiteClock "0:01:57"]
[BlackClock "0:01:43"]

1. Nf3 d5 2. g3 b6 3. Bg2 Bb7 4. O-O e6 5. d4 Bd6 6. b3 Ne7 7. Bb2 O-O 8. Nbd2 c5 9. c4 Nbc6 10. cxd5 exd5 11. dxc5 bxc5 12. Rc1 Qb6 13. Nc4 dxc4 14. Qxd6 cxb3 15. axb3 Qxb3 16. Ba1 Qd5 17. Qc7 Nd4 18. Bxd4 cxd4 19. Qxe7 1-0


[Site "https://www.chess.com"]

[Event "Titled Tuesday Blitz June 21 Late 2022"]
[White "Fiorito, Fabian"]
[Black "Vu, Bui Thi Thanh Van"]
[WhiteFideId "100200"]
[BlackFideId "12408921"]
[WhiteElo "2395"]
[BlackElo "1602"]
[Result "1/2-1/2"]
[Round "09"]
[TimeControl "180+1"]
[Date "2022.06.22"]
[WhiteClock "0:00:16"]
[BlackClock "0:00:06"]

1. e4 e6 2. d4 d5 3. Nd2 c5 4. Ngf3 Nf6 5. exd5 Qxd5 6. Bc4 Qd6 7. O-O cxd4 8. Nb3 Nc6 9. Nbxd4 Nxd4 10. Nxd4 a6 11. a4 Qc7 12. Be2 Bd6 13. h3 O-O 14. c3 e5 15. Nb3 Be6 16. Be3 Rad8 17. Qc2 Nd5 18. Bd2 e4 19. Nd4 Rfe8 20. Nxe6 Rxe6 21. Bg4 Re7 22. Rae1 Rde8 23. Qb3 Nf6 24. Bg5 Be5 25. Re2 h6 26. Bh4 g5 27. Bg3 Nxg4 28. hxg4 Bxg3 29. fxg3 Qxg3 30. Ref2 Qe3 31. Kh1 Rf8 32. Qb4 Re6 33. Qxb7 f6 34. Qd5 Qb6 35. Rxf6 Re8 36. Rxh6 Kg7 37. Qxg5+ Rg6 38. Rxg6+ Qxg6 39. Qc5 Qxg4 40. Qc7+ Kh8 41. Qh2+ Kg7 42. Qc7+ Kh8 43. Qc5 e3 44. Rf8+ Rxf8 45. Qxf8+ Kh7 46. Qe7+ Kg6 47. Qxe3 Qd1+ 48. Kh2 Qxa4 49. Qe6+ Kg7 50. Qe5+ Kg6 51. Qd5 Qh4+ 52. Kg1 Qe1+ 53. Kh2 Qh4+ 54. Kg1 Qe1+ 55. Kh2 Qh4+ 1/2-1/2


[Site "https://www.chess.com"]

[Event "Titled Tuesday Blitz June 21 Late 2022"]
[White "Fishbein, Alexander"]
[Black "Vivas Zamora, Fabian Ernesto"]
[WhiteFideId "2000377"]
[BlackFideId "3902480"]
[WhiteElo "2442"]
[BlackElo "2014"]
[Result "1-0"]
[Round "09"]
[TimeControl "180+1"]
[Date "2022.06.22"]
[WhiteClock "0:00:32"]
[BlackClock "0:00:01"]

1. e4 e5 2. Nf3 Nc6 3. Nc3 Nf6 4. Be2 d5 5. exd5 Nxd5 6. O-O Nxc3 7. bxc3 Bd6 8. d4 exd4 9. cxd4 O-O 10. c3 h6 11. Re1 b6 12. Bd3 Bb7 13. Bc2 Ne7 14. Qd3 Ng6 15. h4 Bxf3 16. Qxf3 Qxh4 17. g3 Qh3 18. Re4 f5 19. Re6 Rae8 20. Rxe8 Rxe8 21. Be3 Nh4 22. Qh1 Qxh1+ 23. Kxh1 Bxg3 24. fxg3 Rxe3 25. gxh4 f4 26. Rf1 Rxc3 27. Bb3+ Kh7 28. Rxf4 c5 29. dxc5 bxc5 30. Kg2 g5 31. hxg5 hxg5 32. Rc4 Rxc4 33. Bxc4 Kg6 34. Kf3 Kf6 35. Ke4 g4 36. Kf4 g3 37. Kxg3 Ke5 38. Kf3 Kd4 39. Bg8 c4 40. Ke2 Kc3 41. Kd1 Kd3 42. Kc1 Kc3 43. Kb1 Kd3 44. Kb2 c3+ 45. Kb3 Kd4 46. Kc2 1-0


[Site "https://www.chess.com"]

[Event "Titled Tuesday Blitz June 21 Late 2022"]
[White "Flynn, Jacob"]
[Black "Souleidis, Georgios"]
[WhiteFideId "2509393"]
[BlackFideId "4206827"]
[WhiteElo "1896"]
[BlackElo "2401"]
[Result "1/2-1/2"]
[Round "09"]
[TimeControl "180+1"]
[Date "2022.06.22"]
[WhiteClock "0:01:23"]
[BlackClock "0:01:09"]

1. d4 Nf6 2. c4 g6 3. g3 Bg7 4. Bg2 O-O 5. Nc3 d6 6. Nf3 Nc6 7. O-O e5 8. dxe5 Nxe5 9. Nxe5 dxe5 10. Bg5 Qxd1 11. Raxd1 c6 12. Bxf6 Bxf6 13. Ne4 Be7 14. Nd6 Rd8 15. Nxc8 Raxc8 16. a3 a5 17. e3 f5 18. Bf3 e4 19. Be2 a4 20. Rxd8+ Rxd8 21. Rd1 Rxd1+ 22. Bxd1 Bf6 23. b3 axb3 24. Bxb3 Kf8 25. f3 exf3 26. Kf2 Ke7 27. Kxf3 Kd6 28. e4 fxe4+ 29. Kxe4 Kc5 30. Kd3 Bb2 31. a4 Kb4 32. Bd1 Be5 33. Bc2 c5 34. Bd1 Bd4 35. g4 g5 36. Bc2 h6 37. h3 b6 38. Bd1 Ka3 39. Bc2 Kb2 40. Bd1 Kc1 41. Bb3 Kb2 42. Bd1 Bg1 43. Bc2 Bh2 44. Bd1 Bf4 45. Bc2 Kc1 46. Bb3 Bg3 47. Bc2 Bf4 48. Bb3 Bg3 49. Bc2 Bf4 1/2-1/2


[Site "https://www.chess.com"]

[Event "Titled Tuesday Blitz June 21 Late 2022"]
[White "Garriga Cazorla, Pere"]
[Black "Chigaev, Maksim"]
[WhiteFideId "32011601"]
[BlackFideId "4108116"]
[WhiteElo "2433"]
[BlackElo "2457"]
[Result "1-0"]
[Round "09"]
[TimeControl "180+1"]
[Date "2022.06.21"]
[WhiteClock "0:01:26"]
[BlackClock "0:00:43"]

1. d4 d5 2. c4 c6 3. Nf3 Nf6 4. Nc3 a6 5. e3 b5 6. b3 Bg4 7. Be2 e6 8. O-O Nbd7 9. h3 Bh5 10. a4 bxc4 11. bxc4 Bb4 12. Bd2 a5 13. cxd5 exd5 14. Ne5 Nxe5 15. dxe5 Bxc3 16. Bxc3 Bxe2 17. Qxe2 Ne4 18. Bb2 O-O 19. Rfc1 Qd7 20. f3 Ng3 21. Qf2 Nf5 22. Rc2 h6 23. Rac1 Rfc8 24. g4 Ne7 25. Ba3 Ng6 26. f4 c5 27. Bxc5 Qxa4 28. Bd4 Rxc2 29. Rxc2 Ne7 30. f5 Nc6 31. f6 Nxd4 32. exd4 gxf6 33. exf6 1-0


[Site "https://www.chess.com"]

[Event "Titled Tuesday Blitz June 21 Late 2022"]
[White "Gimenez Aguirre, Alejo Ismael"]
[Black "Jiganchine, Roman"]
[WhiteFideId "32041667"]
[BlackFideId "2603667"]
[WhiteElo "2031"]
[BlackElo "2266"]
[Result "1-0"]
[Round "09"]
[TimeControl "180+1"]
[Date "2022.06.22"]
[WhiteClock "0:01:31"]
[BlackClock "0:00:25"]

1. e4 c6 2. d4 d5 3. Nd2 dxe4 4. Nxe4 Nf6 5. Nxf6+ exf6 6. Nf3 Bd6 7. Be2 O-O 8. Be3 Bg4 9. Qd2 Nd7 10. h3 Bh5 11. g4 Bg6 12. O-O-O a5 13. h4 b5 14. Bd3 Nb6 15. h5 Bxd3 16. Qxd3 h6 17. Nh4 Nc4 18. Nf5 Re8 19. Bxh6 Bf8 20. Bf4 a4 21. Rdg1 a3 22. b3 Qd5 23. bxc4 bxc4 24. Qc3 Reb8 25. Bxb8 Rxb8 26. h6 g6 27. h7+ Kh8 28. Ne3 Qb5 29. d5 cxd5 30. Nf5 gxf5 31. gxf5 d4 32. Qxd4 Qxf5 33. Rg8# 1-0


[Site "https://www.chess.com"]